AoeStats
← perromelocoton

Arena

506408979Analyzed
2v2 RM · 18d ago on Sep 13, 2026· 49m 55s· 4 players
Game mode
Random Map
Map size
Medium (4 player)
Population
200
Speed
Normal
Resources
Standard
Victory
Conquest
Starting age
Dark Age
Ending age
Imperial Age
RankedLock teamsTeams togetherTeam positionsShared explorationLock speedFull tech treeHidden civsTurbo modeCheats
Victory
Defeat
🇬🇧 Slavs · United Kingdom
1103
+12
🇬🇧 Muisca · United Kingdom
1083
+12
🇪🇸 Ethiopians · Spain
1012
-12
🇹🇷 Spanish · Türkiye
1010
-12
perromelocoton
9:46 Feudal Age
10:53 Loom
14:31 Castle Age
13:04 Horse Collar
15:21 Double-Bit Axe
21:47 Heavy Plow
22:46 Bow Saw
27:48 Scale Mail Armor
28:44 Forging
28:51 Royal Heirs
ckick123
9:46 Feudal Age
10:24 Double-Bit Axe
10:23 Horse Collar
18:52 Castle Age
20:16 Bow Saw
20:10 Heavy Plow
21:03 Stone Mining
21:05 Gold Mining
29:16 Imperial Age
26:47 Pikeman
28:03 Squires
29:47 Elite Conquistador
30:07 Halberdier
32:19 Bloodlines
32:12 Husbandry
33:57 Conscription
36:31 Chemistry
35:51 Ballistics
36:21 Wheelbarrow
35:32 Town Watch
35:41 Gambesons
35:43 Arson
36:21 Town Patrol
40:01 Man-at-Arms
40:53 Long Swordsman
45:19 Two-Man Saw
45:14 Onager
47:51 Two-Handed Swordsman
callummitchell7511
10:50 Feudal Age
12:35 Loom
15:25 Castle Age
14:41 Double-Bit Axe
16:10 Scale Mail Armor
16:16 Champi Runner
17:05 Town Watch
17:57 Horse Collar
18:19 Champi Warrior
20:09 Wheelbarrow
20:40 Forging
23:03 Iron Casting
23:49 Chain Mail Armor
24:51 Squires
24:45 Fletching
25:11 Gold Mining
32:36 Bodkin Arrow
33:07 Padded Archer Armor
32:45 Elite Skirmisher
34:55 Leather Archer Armor
35:09 Ballistics
36:36 Thumb Ring
38:26 Hand Cart
44:20 Imperial Age
42:19 Bow Saw
42:14 Heavy Plow
42:49 Gold Shaft Mining
42:04 Stone Mining
45:06 Bracer
46:09 Chemistry
45:46 Plate Mail Armor
44:40 Elite Champi Warrior
46:02 Town Patrol
48:10 Conscription
48:22 Herbalism
50:35 Two-Man Saw
kyleanderson041199
11:06 Feudal Age
13:19 Loom
16:04 Castle Age
16:05 Double-Bit Axe
16:02 Horse Collar
20:04 Detinets
21:52 Scale Barding Armor
23:07 Forging
25:40 Gold Mining
26:19 Stone Mining
26:57 Chain Barding Armor
27:48 Iron Casting
31:55 Detinets
33:43 Wheelbarrow
37:18 Gold Shaft Mining
37:25 Bow Saw
38:44 Elite Skirmisher
44:48 Fletching
45:51 Ballistics
45:38 Padded Archer Armor
46:28 Hand Cart
46:10 Bodkin Arrow
Connection lost

Rejoining the realm…

Still unreachable

The connection could not be restored.

Session expired

The server has moved on; the page needs a fresh start.